 Dungeon Crawl Stone Soup version 0.29.1-13-g9f3cf754e1 (webtiles) character file.

Game seed: 6859653166597721965

4 protoss039 the Digger (level 1, -3/14 HPs)
             Began as a Demonspawn Earth Elementalist on Feb 11, 2023.
             Slain by a quokka (4 damage)
             ... on level 2 of the Dungeon.
             The game lasted 00:00:23 (113 turns).

protoss039 the Digger (DsEE)                         Turns: 113, Time: 00:00:25

Health: -3/14      AC:  2    Str:  8    XL:     1   Next: 58%
Magic:  3/3        EV: 12    Int: 16    God:
Gold:   13         SH:  0    Dex: 13    Spells: 3/4 levels left

rFire   . . .      SeeInvis .   (no weapon)
rCold   . . .      Faith    .   (no shield)
rNeg    . . .      Spirit   .   a - +0 robe
rPois   .          Reflect  .   (no helmet)
rElec   .          Harm     .   (no cloak)
rCorr   .          Rampage  .   (no gloves)
Will    .....                   (no boots)
Stlth   ++........              (no amulet)
HPRegen 0.04/turn               (no ring)
MPRegen 0.08/turn               (no ring)

@: no status effects
A: no striking features
a: no special abilities


You were on level 2 of the Dungeon.
You visited 1 branch of the dungeon, and saw 2 of its levels.

You collected 13 gold pieces.

Inventory:

Armour
 a - a +0 robe (worn)
Potions
 c - a potion of degeneration


   Skills:
 + Level 0.4 Fighting
 - Level 1.7 Dodging
 - Level 1.7 Stealth
 + Level 2.1 Spellcasting
 - Level 0.8 Transmutations
 + Level 2.8 Earth Magic


You had 3 spell levels left.
You knew the following spells:

 Your Spells              Type           Power      Damage    Failure   Level
a - Sandblast             Erth           20%        2d7       6%          1

Your spell library contained the following spells:

 Spells                   Type           Power      Damage    Failure   Level
 Passwall                 Tmut/Erth      5%         N/A       14%         2
 Stone Arrow              Conj/Erth      12%        3d7       34%         3
 Petrify                  Tmut/Erth      7%         N/A       67%         4


Dungeon Overview and Level Annotations

Branches:
Dungeon (2/15) Zot: 11882

Altars:


Message History

The goblin hits you with a +0 club.
Unknown command.
Casting: Sandblast (safe; 6% risk of failure)
Confirm with . or Enter, or press ? or * to list all spells.
You don't have enough magic to cast this spell.
Unknown command.
The quokka attacks as you move away! The quokka closely misses you.
The goblin barely misses you.
You see here a scroll labelled HUNIBR MOVYZ.
d - a scroll labelled HUNIBR MOVYZ The quokka bites you.
* * * LOW HITPOINT WARNING * * *
The goblin completely misses you. The quokka barely misses you.
As you read the scroll labelled HUNIBR MOVYZ, it crumbles to dust.
It is a scroll of identify.
c - a potion of degeneration The quokka barely misses you.
The quokka bites you.
* * * LOW HITPOINT WARNING * * *
The goblin hits you but does no damage.
Okay, then.
The quokka attacks as you move away!
The quokka bites you but does no damage.
Your magical contamination has completely faded away.
There is an escape hatch in the floor here.
Unknown command.
The quokka misses you. The goblin misses you.
You slide downwards.
The hatch slams shut behind you. Magic courses through your body.
The quokka barely misses you. The goblin hits you with a +0 club.
* * * LOW HITPOINT WARNING * * *
Casting: Sandblast (safe; 6% risk of failure)
Confirm with . or Enter, or press ? or * to list all spells.
Aiming: Sandblast (safe; 6% risk of failure)
Press: ? - help, Shift-Dir - straight line, f - goblin
Aim: a goblin, wielding a +0 club (77% to hit)
The blast of sand hits the goblin.
You kill the goblin!
The quokka bites you.
You die...

#. # #. .. #.
##. #. .... #.
.....#.#######
......r......#
#.)@.....#
##.......#
#.......#
#.......#
#........#
########.# #


You could see a quokka.

Vanquished Creatures
  An endoplasm (D:1)
  A goblin (D:2)
  A hobgoblin (D:1)
  A quokka (D:1)
  A rat (D:1)
5 creatures vanquished.

Notes
Turn   | Place    | Note
-------+----------+-------------------------------------------
     0 | D:1      | protoss039 the Demonspawn Earth Elementalist began the
                  | quest for the Orb.
     0 | D:1      | Reached XP level 1. HP: 13/13 MP: 3/3
   113 | D:2      | Slain by a quokka

Illustrated notes

Levels and vault maps discovered:
D:1:      wander_arrival_peaceful_grave, layout_basic, serial_shops,
          nicolae_shop_statue_plus
D:2:      layout_basic, serial_shops, shop, kennysheep_generic_room_13

Action                   || total
-------------------------++-------
 Cast: Sandblast         ||     7
  Use: Scroll            ||     1
       Potion            ||     1
Armor: Robe              ||     2
Dodge: Dodged            ||     8
